 Dungeon Crawl Stone Soup version 0.29-a0-469-gd254ca66d9 (webtiles) character file.

Game seed: 15401594967433980524

84246 Kenran the Brawler (level 15, 0/109 (138) HPs)
             Began as a Vampire Fighter on May 21, 2022.
             Was the Champion of Ru.
             Succumbed to a death drake's dark miasma
             ... on level 1 of the Abyss on May 22, 2022.
             The game lasted 00:59:38 (30671 turns).

Kenran the Brawler (Vampire Fighter)               Turns: 30671, Time: 00:59:38

HP:   0/109 (138)   AC: 21    Str: 21    XL:     15   Next: 34%
MP:   24/24         EV: 10    Int: 12    God:    Ru [******]
Gold: 1378          SH:  5    Dex: 14    Spells: 14/14 levels left

rFire   + . .      SeeInvis +     - Unarmed
rCold   . . .      Faith    .   o - +0 buckler "Hemoem" {Will++ MP+9}
rNeg    . . .      Spirit   .   u - +0 plate armour
rPois   .          Reflect  .   H - +1 helmet
rElec   .          Harm     .   D - +2 cloak {Will+}
rCorr   .          Rampage  .   (no gloves)
Will    +++..      Clarity  +   (no boots)
Stlth   ..........              i - amulet of the acrobat
HPRegen 0.48/turn               x - ring of protection from fire
MPRegen 0.19/turn               r - +4 ring of evasion

@: lethally poisoned (0 -> -17), exhausted, healing quickly, slowed, heavily
drained, very slow
A: alive, fangs 3, see invisible, inability to use devices, hated by all,
inability to train dodging, weak-willed 1, vampiric 2, clarity, robust 1,
screaming 1
a: Exsanguinate, Renounce Religion, Draw Out Power, Power Leap, Apocalypse


You were on level 1 of the Abyss.
You worshipped Ru.
Ru was exalted by your worship.
You visited 4 branches of the dungeon, and saw 23 of its levels.
You visited the Abyss 1 time.
You also visited: Ossuary and Bailey.

You collected 1970 gold pieces.
You spent 592 gold pieces at shops.

Inventory:

Missiles
 c - 3 throwing nets (quivered)
 v - 18 poisoned darts
 w - 24 boomerangs
 y - 12 javelins
 B - 3 curare-tipped darts
 I - 4 boomerangs of dispersal
 J - 11 silver javelins
Armour
 o - the +0 buckler "Hemoem" (worn) {Will++ MP+9}
   (You acquired it on level 3 of the Lair of Beasts)

   MP:        It affects your magic capacity (+9).
   Will:      It greatly increases your willpower.
 u - a +0 plate armour (worn)
 D - a +2 cloak of willpower (worn)
 H - a +1 helmet (worn)
Jewellery
 i - an amulet of the acrobat (around neck)
 r - a +4 ring of evasion (right hand)
 x - a ring of protection from fire (left hand)
 A - a ring of ice
 M - the ring "Daumung" {rElec rF+ Int+6 Dex-4}
   (You took it off a tengu conjurer on level 14 of the Dungeon)

   [ring of intelligence]

   Int:       It affects your intelligence (+6).
   Dex:       It affects your dexterity (-4).
   rF:        It protects you from fire.
   rElec:     It insulates you from electricity.
Scrolls
 d - 4 scrolls of magic mapping
 e - 7 scrolls of vulnerability {!r}
 h - 5 scrolls of poison {!r}
 k - 8 scrolls of blinking
 l - 3 scrolls of fog
 m - a scroll of noise {unknown}
 p - 6 scrolls of immolation {!r}
 q - 11 scrolls of teleportation
 t - 4 scrolls of silence
 G - 2 scrolls of amnesia
 L - a scroll of identify {@r1}
Potions
 a - 2 potions of curing {@q1}
 b - a potion of berserk rage {!q}
 f - a potion of magic {unknown}
 g - 4 potions of flight
 j - 2 potions of cancellation
 n - 6 potions of mutation {!q}
 s - 6 potions of brilliance
 z - 2 potions of might
 C - 5 potions of ambrosia
 E - a potion of invisibility
 F - 6 potions of haste
 K - a potion of heal wounds {@q2}


   Skills:
 - Level 14.0 Fighting
 - Level 8.2 Staves
 + Level 12.6 Armour
 - Level 6.0 Shields
 - Level 16.0 Unarmed Combat


You had 14 spell levels left.
You didn't know any spells.
Your spell library contained the following spells:

 Spells                   Type           Power      Damage    Failure   Level
 Foxfire                  Conj/Fire      0%         2x1d4     99%         1
 Sandblast                Erth           0%         2d4       99%         1
 Shock                    Conj/Air       0%         1d3       99%         1
 Blink                    Tloc           0%         N/A       100%        2
 Passwall                 Tmut/Erth      0%         N/A       100%        2
 Poisonous Vapours        Pois/Air       0%         N/A       100%        2
 Confusing Touch          Hex            0%         N/A       100%        3
 Conjure Flame            Conj/Fire      0%         6-21      100%        3
 Gell's Gravitas          Tloc           0%         N/A       100%        3
 Inner Flame              Hex/Fire       0%         N/A       100%        3
 Lesser Beckoning         Tloc           0%         N/A       100%        3
 Ozocubu's Armour         Ice            0%         N/A       100%        3
 Portal Projectile        Hex/Tloc       0%         N/A       100%        3
 Stone Arrow              Conj/Erth      0%         3d7       100%        3
 Swiftness                Air            0%         N/A       100%        3
 Teleport Other           Tloc           0%         N/A       100%        3
 Airstrike                Air            0%         N/A       100%        4
 Anguish                  Hex/Necr       0%         N/A       100%        4
 Corpse Rot               Necr/Pois/Air  0%         N/A       100%        4
 Flame Wave               Conj/Fire      0%         2d4       100%        4
 Blade Hands              Tmut           0%         N/A       100%        5
 Irradiate                Conj/Tmut      0%         3d13      100%        5
 Manifold Assault         Tloc           0%         N/A       100%        5
 Yara's Violent Unravell  Hex/Tmut       0%         3d3       100%        5
 Dispersal                Tloc           0%         N/A       100%        6
 Dragon Form              Tmut           0%         N/A       100%        7
 Enfeeble                 Hex            0%         N/A       100%        7
 Ozocubu's Refrigeration  Ice            0%         4d5       100%        7
 Chain Lightning          Conj/Air       0%         N/A       100%        9
 Fire Storm               Conj/Fire      0%         5d1       100%        9
 Shatter                  Erth           0%         3d5*      100%        9
 Tukima's Dance           Hex            Unusable   N/A       N/A         3

Dungeon Overview and Level Annotations

Branches:
Dungeon (15/15)            Temple (1/1) D:4            Lair (6/6) D:9
 Shoals (0/4) Lair:2        Snake (0/4) Lair:3        Slime (0/5) Lair:6
    Orc (1/2) D:11         Vaults (0/5) D:13        Ossuary (visited)
 Bailey (visited)
 Depths: D:15

Altars:
Ashenzari
Cheibriados
Dithmenos
Elyvilon
Fedhas
Gozag
Hepliaklqana
Kikubaaqudgha
Nemelex Xobeh
Okawaru
Ru
Sif Muna
Trog
Uskayaw
Vehumet
Wu Jian
Yredelemnul
Zin
The Shining One
Beogh
Jiyva
Lugonu

Shops:
D:1 *   D:6 !   D:7 *   D:8 *   D:12 [

Portals:
Abyss: Lair:6
Trove: D:14 (give 17 potions of curing)

Annotations:
D:11 2 runed translucent doors, Zero's ghost, journeyman GrIE
Lair:3 1 runed translucent door, flestrin's ghost, journeyman DrBe


Innate Abilities, Weirdness & Mutations

Your natural rate of healing is accelerated.
You have razor-sharp teeth.
You have supernaturally acute eyesight. (SInv)
You cannot study or use magical devices.
You are hated by all.
You cannot train Dodging skill.
You are slightly weak-willed. (Will-)
You are afflicted with vampirism and can become a bat while bloodless.
You possess an exceptional clarity of mind.
You are robust. (+10% HP)
You occasionally shout uncontrollably at your foes.


Message History

You feel extremely sick.
The death drake bites you but does no damage.
The death drake bites you.
* * * LOW HITPOINT WARNING * * *
You are too injured to fight recklessly!
You closely miss the death drake.
The death drake is severely wounded.
* * * LOW HITPOINT WARNING * * *
You feel extremely sick. The death drake barely misses you.
You are restored by drawing out deep reserves of power within.
You feel drained.
You feel extremely sick. The death drake closely misses you.
The death drake bites you.
You feel better. The death drake breathes miasma at you.
The foul vapour engulfs you!!
You are poisoned.
You feel yourself slow down.
* * * LOW HITPOINT WARNING * * *
The death drake bites you but does no damage.
You closely miss the death drake.
The death drake is severely wounded.
You are engulfed in dark miasma.
You are lethally poisoned!
* * * LOW HITPOINT WARNING * * *
You feel extremely sick. The death drake bites you!
* * * LOW HITPOINT WARNING * * *
You focus your inner power and blind the death drake in retribution!
You feel better.
You are engulfed in dark miasma.
You are poisoned.
* * * LOW HITPOINT WARNING * * *
x2 You feel extremely sick.
The death drake completely misses you. You block the death drake's attack.
Okay, then.
You feel better.
You are engulfed in dark miasma.
You are lethally poisoned!
* * * LOW HITPOINT WARNING * * *
You die...

###. .. #..####
##. .#..## #.. #
.....###..
#.#####
....##..# . ...
. #..... # # ##
.. #.#. #.# #.§
##.k# # #
..###.@# .# # #
# ##....#.# # .
. .....##....# #
##.##...###...
#.......###.#...
#..# .#§ .....#
## ##.§.§ ... #
#. ###§#. ...#
...# # #


You could see a death drake (blind).

Vanquished Creatures
  Gastronok (Lair:2)
  An orc warlord (D:11)
  An ironbound preserver (D:13)
  Snorg (D:14)
  4 boulder beetles
  A vault guard (D:14)
  Fannar (Lair:2)
  5 hydras
  An ogre mage (D:14)
  Erica (D:10)
  3 centaur warriors
  8 two-headed ogres
  2 tengu warriors
  5 death yaks (Lair:5)
  An orc high priest (Orc:1)
  3 thrashing horrors (Lair:6)
  Amaemon (D:8)
  5 skeletal warriors
  Pikel (D:4)
  2 lindwurms
  A deep elf pyromancer (D:14)
  An orc knight (D:11)
  4 manticores
  5 ugly things
  3 cyclopes
  10 elephants
  A torpor snail (Lair:6)
  An orange demon (D:8)
  13 black mambas
  7 cane toads
  2 smoke demons (Lair:6)
  A gargoyle (D:13)
  Maggie (D:7)
  A komodo dragon (shapeshifter) (Lair:6)
  3 rime drakes (Lair:5)
  4 unseen horrors
  3 ancient zymes (Lair:6)
  2 tengu conjurers
  9 komodo dragons
  2 trolls (D:9)
  6 meliai
  A queen bee (Lair:5)
  A troll (shapeshifter) (D:13)
  4 polar bears
  Grinder (D:5)
  31 blink frogs
  4 dream sheep (Lair:6)
  10 slime creatures
  A vampire (D:12)
  A shadow (D:10)
  3 wyverns
  2 spriggans
  2 wraiths
  36 yaks
  A steam dragon (D:9)
  7 basilisks
  4 chaos spawn (Lair:6)
  6 vampire mosquitoes
  23 water moccasins
  2 wargs
  4 acid dragons
  Duvessa (D:6)
  20 orc warriors
  11 small abominations
  An ice beast (D:4)
  2 sky beasts (D:7)
  3 black bears
  18 wolves
  5 boggarts (D:13)
  14 centaurs
  7 ogres
  2 lemures (D:4)
  A phantom (D:5)
  3 kobold brigands
  9 bullfrogs
  2 necrophages (D:5)
  A gnoll sergeant (D:11)
  10 scorpions
  11 wights
  Dowan (D:6)
  29 killer bees
  A howler monkey (D:12)
  4 electric eels (D:9)
  2 centaur zombies (Ossuary)
  14 orc priests
  4 jellies
  2 gnoll shamans
  5 hounds
  7 hell rats
  Ijyb (D:3)
  Natasha (thrice) (D:2)
  Terence (D:2)
  5 iguanas
  10 orc wizards
  9 scorpion zombies (Ossuary)
  3 mummies (Ossuary)
  20 gnolls
  7 adders
  2 worms
  3 dart slugs
  53 orcs
  16 endoplasms
  6 giant cockroaches
  2 gnoll zombies (Ossuary)
  5 goblins
  12 hobgoblins
  A jackal (D:4)
  3 quokkas
  7 ball pythons
  3 bats
  5 frilled lizards
  A goblin zombie (Ossuary)
  4 hobgoblin zombies (Ossuary)
  16 kobolds
  A kobold zombie (Ossuary)
  An orc zombie (Ossuary)
  4 rats
666 creatures vanquished.

Vanquished Creatures (others)
  A death yak (Lair:5)
  An elephant (Lair:6)
  A ynoxinul (Abyss:1)
  A wyvern (D:10)
  2 yaks
  An orc warrior (D:11)
  2 gnoll sergeants
  A killer bee (Lair:5)
  3 orcs
  2 kobolds
  41 fungi
  43 plants
99 creatures vanquished.

Grand Total: 765 creatures vanquished

Notes
Turn   | Place    | Note
-------+----------+-------------------------------------------
     0 | D:1      | Kenran the Vampire Fighter began the quest for the Orb.
     0 | D:1      | Reached XP level 1. HP: 17/17 MP: 1/1
   198 | D:1      | Reached skill level 3 in Unarmed Combat
   231 | D:1      | Reached XP level 2. HP: 21/23 MP: 2/2
   283 | D:1      | Found a faded altar of an unknown god.
   408 | D:1      | Found Fisisear's General Store.
   743 | D:1      | Gained mutation: You are afflicted with vampirism and can
                  | become a bat while bloodless. [Vampire growth]
   743 | D:1      | Reached XP level 3. HP: 27/28 MP: 3/3
  1022 | D:2      | Reached skill level 4 in Unarmed Combat
  1284 | D:2      | Noticed Terence
  1289 | D:2      | Killed Terence
  1290 | D:2      | Reached XP level 4. HP: 27/35 MP: 4/4
  1517 | D:2      | Noticed Natasha
  1532 | D:2      | Killed Natasha
  1533 | D:2      | Reached skill level 5 in Unarmed Combat
  1962 | D:2      | Noticed Natasha
  1974 | D:2      | Killed Natasha
  1975 | D:2      | Reached XP level 5. HP: 30/41 MP: 5/5
  2076 | D:2      | Noticed Natasha
  2081 | D:2      | Killed Natasha
  2743 | D:3      | Noticed Ijyb
  2840 | D:3      | Reached skill level 6 in Unarmed Combat
  3066 | D:3      | Found a blossoming altar of Fedhas.
  3158 | D:3      | Killed Ijyb
  3159 | D:3      | Reached XP level 6. HP: 25/47 MP: 6/6
  3362 | D:3      | Found an opulent altar of Gozag.
  3588 | D:3      | Reached skill level 7 in Unarmed Combat
  3899 | D:4      | Found an ornate altar of the Wu Jian Council.
  3920 | D:4      | Found a staircase to the Ecumenical Temple.
  3929 | Temple   | Entered the Ecumenical Temple
  3985 | Temple   | Became a worshipper of Ru the Awakened
  4238 | D:4      | Noticed an ice beast
  4257 | D:4      | Killed an ice beast
  4258 | D:4      | Reached skill level 8 in Unarmed Combat
  4258 | D:4      | Reached XP level 7. HP: 27/53 MP: 7/7
  4356 | D:4      | Reached skill level 1 in Evocations
  4473 | D:4      | Noticed Pikel
  4500 | D:4      | Killed Pikel
  4501 | D:4      | Reached skill level 5 in Fighting
  4501 | D:4      | Reached XP level 8. HP: 52/63 MP: 8/8
  4937 | D:5      | Entered Level 5 of the Dungeon
  5084 | D:5      | Reached skill level 1 in Dodging
  5387 | D:5      | Noticed Grinder
  5397 | D:5      | Killed Grinder
  5398 | D:5      | Reached skill level 9 in Unarmed Combat
  5534 | D:5      | Gained mutation: You are hated by all. [Ru sacrifice]
  5534 | D:5      | Reached * piety under Ru
  5534 | D:5      | Reached ** piety under Ru
  5925 | D:5      | Reached XP level 9. HP: 71/71 MP: 9/9
  6216 | D:6      | Noticed Duvessa
  6216 | D:6      | Noticed Dowan
  6218 | D:6      | Found a broken altar of Ashenzari.
  6263 | D:6      | Killed Dowan
  6265 | D:6      | Found Buysu's Distillery.
  6269 | D:6      | Gained mutation: You are robust. (+10% HP) [potion of
                  | mutation]
  6269 | D:6      | Gained mutation: You occasionally shout uncontrollably at
                  | your foes. [potion of mutation]
  6269 | D:6      | Gained mutation: You possess an exceptional clarity of
                  | mind. [potion of mutation]
  6423 | D:6      | Found a sand-covered staircase.
  6464 | Ossuary  | Entered an ossuary
  6550 | Ossuary  | Reached skill level 10 in Unarmed Combat
  6992 | D:6      | Bought a potion of haste for 110 gold pieces
  6992 | D:6      | Bought a potion of heal wounds for 55 gold pieces
  6992 | D:6      | Bought a potion of heal wounds for 55 gold pieces
  6992 | D:6      | Bought a potion of might for 44 gold pieces
  7029 | D:6      | Found an iron altar of Okawaru.
  7178 | D:6      | Killed Duvessa
  7341 | D:6      | Reached skill level 11 in Unarmed Combat
  7754 | D:7      | Noticed Maggie
  7766 | D:7      | Reached skill level 5 in Armour
  7781 | D:7      | Killed Maggie
  7834 | D:7      | Reached XP level 10. HP: 88/88 MP: 10/10
  7857 | D:7      | Found Diuge's General Store.
  7903 | D:7      | Bought a scroll of identify for 24 gold pieces
  7903 | D:7      | Bought a scroll of identify for 24 gold pieces
  8423 | D:7      | Gained mutation: You cannot train Dodging skill. [Ru
                  | sacrifice]
  8423 | D:7      | Reached *** piety under Ru
  8658 | D:8      | Found a flagged portal.
  8680 | Bailey   | Entered a bailey
  8957 | Bailey   | Noticed an orc knight
  9090 | D:8      | Noticed Amaemon
  9091 | D:8      | Noticed an orange demon
  9103 | D:8      | Killed an orange demon
  9139 | D:8      | Killed Amaemon
  9140 | D:8      | Reached skill level 12 in Unarmed Combat
  9491 | D:8      | Found Lebboxkem's Island Escapes.
  9631 | D:8      | Found a radiant altar of Vehumet.
 10341 | D:9      | Reached XP level 11. HP: 88/95 MP: 11/11
 10574 | D:9      | Found a staircase to the Lair.
 10772 | Lair:1   | Entered Level 1 of the Lair of Beasts
 10806 | Lair:1   | Gained mutation: You cannot study or use magical devices.
                  | [Ru sacrifice]
 10806 | Lair:1   | Reached **** piety under Ru
 10806 | Lair:1   | Reached ***** piety under Ru
 11730 | Lair:2   | Reached skill level 10 in Fighting
 11831 | Lair:2   | Found a staircase to the Shoals.
 12191 | Lair:2   | Noticed Gastronok
 12230 | Lair:2   | Noticed Fannar
 12522 | Lair:2   | Killed Fannar
 12779 | Lair:2   | Killed Gastronok
 12780 | Lair:2   | Reached skill level 5 in Shields
 12780 | Lair:2   | Reached skill level 13 in Unarmed Combat
 13348 | Lair:3   | Noticed a boulder beetle
 13384 | Lair:3   | Found a runed translucent door.
 13385 | Lair:3   | Noticed flestrin's ghost (journeyman DrBe)
 13557 | Lair:3   | Killed a boulder beetle
 13709 | Lair:3   | Reached XP level 12. HP: 96/106 MP: 12/12
 13788 | Lair:3   | Noticed an eight-headed hydra
 13842 | Lair:2   | Upgraded the game from 0.29-a0-464-g50448035db to
                  | 0.29-a0-469-gd254ca66d9
 14014 | Lair:3   | Found a staircase to the Snake Pit.
 14441 | Lair:3   | Gained mutation: You are slightly weak-willed. (Will-) [Ru
                  | sacrifice]
 14441 | Lair:3   | Reached ****** piety under Ru
 15017 | Lair:3   | Identified a scroll of acquirement
 15018 | Lair:3   | Acquired the +0 buckler "Hemoem" {Will++ MP+9}
 15979 | Lair:4   | Reached skill level 10 in Armour
 16347 | Lair:4   | Reached skill level 14 in Unarmed Combat
 16565 | Lair:5   | Reached XP level 13. HP: 67/116 MP: 13/13
 17998 | Lair:5   | Identified the +12 lajatang of Corporal Punishment {spect,
                  | rC++ Int+3}
 18026 | Lair:5   | Reached skill level 1 in Staves
 18506 | Lair:6   | Entered Level 6 of the Lair of Beasts
 18635 | Lair:5   | HP: 4/109 [death yak (18)]
 18888 | Lair:5   | Reached skill level 5 in Staves
 20216 | Lair:6   | Found a staircase to the Slime Pits.
 20763 | Lair:6   | Reached XP level 14. HP: 126/126 MP: 14/14
 21888 | Lair:6   | Found a corrupted altar of Lugonu.
 21888 | Lair:6   | Found a one-way gate to the infinite horrors of the Abyss.
 22297 | D:10     | Entered Level 10 of the Dungeon
 23165 | D:10     | Noticed Erica
 23175 | D:10     | Killed Erica
 23505 | D:11     | Found an opulent altar of Gozag.
 23729 | D:11     | Found a runed translucent door.
 23730 | D:11     | Noticed a lich
 23733 | D:11     | Found a runed translucent door.
 23735 | D:11     | Noticed Zero's ghost (journeyman GrIE)
 23960 | D:11     | Found a staircase to the Orcish Mines.
 24382 | D:11     | Reached skill level 15 in Unarmed Combat
 25446 | D:12     | Found Xiywnaj's Armour Boutique.
 25488 | D:12     | Bought a +1 cloak of willpower for 280 gold pieces
 26397 | D:13     | Found a gate to the Vaults.
 26397 | D:13     | Noticed an ironbound preserver
 26418 | D:13     | Killed an ironbound preserver
 28550 | D:13     | Reached XP level 15. HP: 110/117 MP: 15/15
 28798 | D:14     | Noticed Snorg
 28817 | D:14     | Killed Snorg
 29170 | D:14     | Identified the ring "Daumung" {rElec rF+ Int+6 Dex-4}
 29242 | D:14     | Found a portal to a secret trove of treasure.
 29309 | D:14     | Reached skill level 16 in Unarmed Combat
 29900 | D:15     | Entered Level 15 of the Dungeon
 30142 | Orc:1    | Entered Level 1 of the Orcish Mines
 30277 | Orc:1    | Noticed an orc warlord
 30395 | D:11     | Killed an orc warlord
 30512 | Orc:1    | Cast into level 1 of the Abyss (orc)
 30671 | Abyss:1  | Succumbed to a death drake's dark miasma

Illustrated notes

Levels and vault maps discovered:
D:1:      lightli_molten_gateway, layout_basic, serial_shops, shop,
          shapermc_ecumenical_altar_flowoftime
D:2:      layout_loops_ring, supply_closet_lemuel, uniq_natasha, uniq_terence
D:3:      layout_rooms, fedhas_altar_3, general_overflow_altar, uniq_ijyb
D:4:      minmay_chambers_of_threes, layout_basic, nicolae_wu_jian_wuxing_cycle,
          minmay_temple_entry_mini_moons, eino_curves_02, serial_bayou_pond_b,
          moated_statue, uniq_pikel
D:5:      layout_loops_ring, uniq_grinder
D:6:      layout_basic, nicolae_hepliaklqana_hippocampus, elyvilon_altar_3,
          kennysheep_mini_moat, okawaru_gym_becter,
          nicolae_ossuary_entry_false_entrances, serial_shops, shop,
          uniq_duvessa
D:7:      layout_basic, nicolae_tso_carved_into_rock, serial_shops,
          nicolae_shop_trees, uniq_maggie
D:8:      layout_loops_cross, vehumet_altar_wand_db, enter_bailey_4,
          nicolae_island_escapes, uniq_amaemon
D:9:      layout_roguey, erik_lair_island
D:10:     layout_roguey, minivault_26, uniq_erica
D:11:     minmay_polygon_palace, layout_irregular_city, david_orc_5,
          muffindrake_ghost_dual_entry, hangedman_decor_diamond_cutter,
          nicolae_gozag_seed_capital
D:12:     layout_loops_ring, serial_shops, nicolae_shop_waterfront
D:13:     layout_gridville, skrybe_vaults_entry_preservation, minmay_misc_feat_x
D:14:     layout_cross, enter_trove_5, solitary_fountain, uniq_snorg
D:15:     hangedman_slaughterboxes, uniq_agnes
Temple:   nicolae_temple_god_jail
Lair:1:   layout_gridlike
Lair:2:   layout_loops_ring, minmay_shoals_entry_centaurs, uniq_fannar,
          uniq_gastronok
Lair:3:   layout_small_grid, minmay_snake_entry_six_corridors,
          ebering_ghost_inner_flame, forest_entry_grove
Lair:4:   layout_cave_pods
Lair:5:   regret_index_tunnel_blossom, layout_cave_pods, portal_ice_cave_rime,
          disabler_island
Lair:6:   hellmonk_lair_end_abyssal_woods, layout_small_grid,
          dpeg_slime_entry_enclosed_altar
Orc:1:    layout_caves, serial_shops, shop_statue
Abyss:1:  base: D:1, hangedman_abyss_or_decor_jellyfish_corner

Skill      XL: |  1  2  3  4  5  6  7  8  9 10 11 12 13 14 15 |
---------------+----------------------------------------------+-----
Unarmed Combat | 3 4 5 6 8 9 11 12 13 14 15 16 | 16.0
Fighting       | 3 5 6 8 10 12 13 14 | 14.0
Evocations     | 2 0 |  0.0
Armour         | 4 5 8 10 12 | 12.6
Dodging        | 2 0 |  0.0
Shields        | 4 5 6 |  6.0
Staves         | 7 8 |  8.2

Action                   |  1- 3 |  4- 6 |  7- 9 | 10-12 | 13-15 || total
-------------------------+-------+-------+-------+-------+-------++-------
Melee: Unarmed           |    98 |   164 |   373 |   816 |  1451 ||  2902
       Bite              |    11 |    14 |    42 |   127 |   222 ||   416
Throw: Throwing net      |       |       |       |     2 |       ||     2
Invok: Sacrifice Love    |       |       |     1 |       |       ||     1
       Sacrifice Nimblen |       |       |       |     1 |       ||     1
       Draw Out Power    |       |       |       |     4 |    17 ||    21
       Sacrifice Artific |       |       |       |     1 |       ||     1
       Apocalypse        |       |       |       |     1 |     6 ||     7
       Sacrifice Essence |       |       |       |     1 |       ||     1
Evoke: Wand              |       |     6 |     6 |     5 |       ||    17
  Use: Scroll            |     1 |     1 |     7 |    11 |    10 ||    30
       Potion            |     1 |     1 |    11 |     5 |    11 ||    29
 Stab: Distracted        |       |       |     2 |     6 |    11 ||    19
       Invisible         |       |       |       |     5 |    20 ||    25
       Paralysed         |       |       |       |       |    20 ||    20
Armor: Scale mail        |    39 |    42 |    25 |       |       ||   106
       Skin              |       |       |     3 |     1 |    18 ||    22
       Plate armour      |       |       |    75 |   302 |   637 ||  1014
Dodge: Dodged            |    24 |    65 |   165 |   468 |   698 ||  1420
Block: Buckler           |     9 |    21 |    58 |   177 |   345 ||   610

Table legend: (Time is in decaauts)
 A = Elapsed time spent in this place.
 B = Non-inter-level travel time spent in this place.
 C = Inter-level travel time spent in this place.
 D = Time resting spent in this place.
 E = Time spent auto-exploring this place.
 F = Levels seen in this place.
 G = Mean time per level.
                   A        B        C        D        E       F      G
               +--------+--------+--------+--------+--------+-----+--------+
         Total |  30183 |  28217 |   1966 |   8493 |  13259 |  26 | 1160.9 |
       Dungeon |  17534 |  16305 |   1229 |   3637 |   9288 |  15 | 1168.9 |
        Temple |     65 |     57 |      8 |      0 |     40 |   1 |   65.0 |
          Lair |  11632 |  10904 |    728 |   4512 |   3835 |   6 | 1938.7 |
  Orcish Mines |     26 |     26 |      0 |      0 |      0 |   1 |   26.0 |
         Abyss |    157 |    157 |      0 |     94 |      0 |   1 |  157.0 |
       Ossuary |    415 |    415 |      0 |     59 |     82 |   1 |  415.0 |
        Bailey |    351 |    351 |      0 |    190 |     14 |   1 |  351.0 |
               +--------+--------+--------+--------+--------+-----+--------+

Top non-repeatable levels by time:
  Lair:6: 2956 daAuts
  Lair:5: 2809 daAuts
    D:11: 2071 daAuts
     D:2: 1973 daAuts
  Lair:2: 1912 daAuts
    D:13: 1602 daAuts
  Lair:3: 1460 daAuts
    D:14: 1395 daAuts
     D:4: 1345 daAuts
  Lair:4: 1343 daAuts
     D:5: 1323 daAuts
     D:8: 1212 daAuts
  Lair:1: 1150 daAuts
     D:1: 1146 daAuts
     D:7: 1016 daAuts
